 Dungeon Crawl Stone Soup version bcrawl-1.17.3 (webtiles) character file.

Game seed: 3869452009022905797

1841 Bnni the Poker (level 9, 0/84 HPs)
             Began as a Twilight Stalker Archaeologist on Oct 19, 2019.
             Was an Initiate of Ashenzari.
             Slain by an orc knight
             ... wielding a +0 halberd
              (3 damage)
             ... in a bailey.
             The game lasted 00:18:23 (4558 turns).

Bnni the Poker (Twilight Stalker Archaeologist)     Turns: 4558, Time: 00:18:24

Health: 0/84       AC: 27    Str: 15    XL:     9   Next: 12%
Magic:  1/10       EV:  2    Int: 15    God:    Ashenzari [......]
Gold:   488        SH:  8    Dex: 19    Spells: 8/8 levels left

rFire    + + .     SeeInvis .   f - +8 lance "Wyrmbane" {slay drac, rPois rF+ rC+ AC+3} (curse)
rCold    + + .     Gourm    .   p - +2 buckler
rNeg     + + +     Faith    .   (armour currently unavailable)
rPois    +         Spirit   .   (helmet currently unavailable)
rElec    +         Reflect  .   (cloak currently unavailable)
rCorr    +         Harm     .   (gloves currently unavailable)
MR       .....     NoTele   +   (boots currently unavailable)
Stlth    ++++++....             (no amulet)
HPRegen  0.64/turn              (no ring)
MPRegen  0.12/turn              (no ring)

@: agile, tree-form, resistant, very slightly contaminated
A: nightstalker 1, regeneration 1, no potion heal 3, rot immunity
a: Curse Item, Renounce Religion


You were in a bailey.
You worshipped Ashenzari.
Ashenzari was noncommittal.
You were hungry.
You were a tree.
You visited 2 branches of the dungeon, and saw 8 of its levels.
You also visited: Bailey.

You collected 488 gold pieces.

Inventory:

Hand Weapons
 f - the cursed +8 lance "Wyrmbane" (weapon) {slay drac, rPois rF+ rC+ AC+3}

   It affects your AC (+3).
   It protects you from fire.
   It protects you from cold.
   It protects you from poison.
   It has a curse placed upon it.
Missiles
 B - a throwing net (quivered) {!f}
Armour
 b - a +1 robe (melded)
 c - a cursed +1 hat (melded)
 d - a cursed +1 pair of boots (melded)
 p - a +2 buckler (worn)
 D - a scarf of spirit shield (melded)
Jewellery
 i - an uncursed ring of fire
Scrolls
 a - a scroll of amnesia
 h - 2 scrolls of identify
 j - a scroll of immolation
 o - 2 scrolls of teleportation
 u - a scroll of enchant weapon {unknown}
 v - 2 scrolls of remove curse
 y - a scroll of enchant armour {unknown}
Potions
 m - 3 potions of degeneration
 r - a potion of agility
 s - a potion of flight
 t - 2 potions of mutation
 w - a potion of resistance
 z - 2 potions of brilliance
 A - 2 potions of curing {unknown}
Comestibles
 g - 11 rations {!d}


   Skills:
 + Level 6.5 Fighting
   Level 0.8 Maces & Flails
 * Level 7.6 Polearms
 - Level 3.0 Dodging
 + Level 6.9 Stealth
 - Level 4.0 Shields


You had 8 spell levels left.
You didn't know any spells.
Your spell library was empty.

Dungeon Overview and Level Annotations

Branches:
Dungeon (7/12)             Temple (1/1) D:5
   Lair: D:7-9

Altars:
Ashenzari
Cheibriados
Dithmenos
Fedhas
Gozag
Lugonu
Nemelex Xobeh
Okawaru
Qazlal
Ru
Sif Muna
Trog
Vehumet
Wu Jian
Zin

Shops:
D:6 (

Annotations:
D:4 3 runed translucent doors, Quickbrownfox's ghost, amateur AvSk


Innate Abilities, Weirdness & Mutations

((You have razor-sharp teeth.))
You are slightly more attuned to the shadows.
Your natural rate of healing is unusually fast.
Potions cannot restore your health.
You are immune to rotting.
((Your bite drains your enemy's life force.))
((Your bites deal extra damage.))
((Your stealth is less affected by armour.))


Message History

You feel agile all of a sudden.
The orc knight hits you from afar with a +0 halberd!!
* * * LOW HITPOINT WARNING * * *
The orc knight hits you but does no damage.
Okay, then.
Okay, then.
Okay, then.
It was a potion of resistance.
You feel protected. The orc knight closely misses you.
Okay, then.
Really quaff the potion of lignification?
You turn into a tree.
Your scarf of spirit shield melds into your body.
Your cursed +1 hat melds into your body.
Your cursed +1 pair of boots melds into your body.
Your +1 robe melds into your body.
You feel strangely alone.
Your roots penetrate the ground.
The orc knight hits you from afar with a +0 halberd.
You die...

### ##.........##
..#######..≈≈≈≈≈≈≈..##
##...##...≈≈.....≈≈..##
#####.##..≈..###..≈≈..##########
.......##...## ##..≈≈..........#
≈≈≈≈≈≈####### ##..≈≈≈≈≈≈≈≈≈≈.#
..##### ##...)......≈.# )#######
####+#############.≈.# .##.$$$.
.§§...♣..##..)..##.≈.# ).##
§≈§≈≈≈≈≈..#'...##..≈.# ≈..##
§§§..oo≈≈..##.##..≈≈.# ≈≈..#
§§..⌠...≈≈..#'#..≈≈.## ≈≈..#
§§.⌠∩⌠..≈≈..#'#..≈≈.∩# ≈..##
≈≈§§...≈≈..##.##..≈≈.# ).##
.§≈≈≈≈≈≈..##.$.##..≈.# .##
.......## ... ##)≈.#
.#############+###'#########)≈.#


You could see 2 orc knights.

Vanquished Creatures
  An orc knight (Bailey)
  Sigmund (D:3)
  An orc warrior (Bailey)
  An ice beast (D:6)
  A phantom (D:3)
  An ogre (D:6)
  A necrophage (D:6)
  A centaur (D:4)
  A scorpion (D:6)
  2 howler monkeys (D:4)
  A jelly (D:6)
  A quasit (D:7)
  An orc priest (D:4)
  2 hounds (D:4)
  4 orc wizards
  Natasha (D:4)
  3 worker ants
  A howler monkey zombie (D:3)
  3 gnolls (D:3)
  6 adders
  An ooze (D:2)
  3 adder skeletons
  3 worms
  2 dart slugs
  3 leopard geckos
  26 orcs
  2 ball pythons (D:1)
  3 giant cockroaches
  7 goblins
  3 hobgoblins
  6 jackals (D:6)
  2 quokkas
  2 bats (D:1)
  7 frilled lizards
  9 kobolds
  6 rats
119 creatures vanquished.

Notes
Turn   | Place    | Note
-------+----------+-------------------------------------------
     0 | D:1      | Bnni the Vine Stalker Archaeologist began the quest for the
                  | Orb.
     0 | D:1      | Reached XP level 1. HP: 11/11 MP: 2/2
    26 | D:1      | Reached skill level 1 in Fighting
   101 | D:1      | Reached XP level 2. HP: 17/17 MP: 3/3
   367 | D:1      | Reached XP level 3. HP: 22/22 MP: 4/4
   791 | D:2      | Reached skill level 1 in Polearms
  1212 | D:3      | Found a blossoming altar of Fedhas.
  1231 | D:3      | Reached skill level 1 in Shields
  1231 | D:3      | Reached XP level 4. HP: 28/28 MP: 5/5
  1372 | D:3      | Reached XP level 5. HP: 19/32 MP: 6/6
  1506 | D:3      | Found a sparkling altar of Nemelex Xobeh.
  1533 | D:3      | Gained mutation: You have razor-sharp teeth. [Vine Stalker
                  | growth]
  1533 | D:3      | Reached XP level 6. HP: 25/38 MP: 7/7
  1644 | D:3      | Found an iron altar of Okawaru.
  1832 | D:3      | Found a faded altar of an unknown god.
  1915 | D:3      | Noticed Sigmund
  1927 | D:3      | Killed Sigmund
  2186 | D:4      | Noticed a phantom
  2225 | D:3      | Killed a phantom
  2225 | D:3      | Reached skill level 2 in Polearms
  2225 | D:3      | Reached XP level 7. HP: 37/44 MP: 8/8
  2233 | D:4      | Found a runed translucent gate.
  2233 | D:4      | Found a runed translucent gate.
  2233 | D:4      | Found a runed translucent gate.
  2252 | D:4      | Found a corrupted altar of Lugonu.
  2254 | D:4      | Reached skill level 5 in Fighting
  2265 | D:4      | Reached skill level 3 in Polearms
  2284 | D:4      | Noticed Quickbrownfox's ghost (amateur AvSk)
  2492 | D:4      | Reached skill level 4 in Polearms
  2656 | D:4      | Noticed Natasha
  2665 | D:4      | Killed Natasha
  2802 | D:4      | Reached skill level 5 in Polearms
  2802 | D:4      | Gained mutation: Your bite drains your enemy's life force.
                  | [Twilight Stalker growth]
  2802 | D:4      | Gained mutation: Your stealth is less affected by armour.
                  | [Twilight Stalker growth]
  2802 | D:4      | Gained mutation: You are slightly more attuned to the
                  | shadows. [Twilight Stalker growth]
  2802 | D:4      | Reached XP level 8. HP: 27/50 MP: 8/9
  2905 | D:5      | Entered Level 5 of the Dungeon
  2913 | D:5      | Found an opulent altar of Gozag.
  2988 | D:5      | Found a staircase to the Ecumenical Temple.
  2997 | Temple   | Entered the Ecumenical Temple
  3037 | Temple   | Became a worshipper of Ashenzari the Shackled
  3358 | D:5      | Found a sacrificial altar of Ru.
  3494 | D:5      | Found a bloodstained altar of Trog.
  3589 | D:6      | Found Vieddoath's Weapon Boutique.
  3747 | D:6      | Reached skill level 6 in Polearms
  3747 | D:6      | Reached skill level 5 in Stealth
  3748 | D:6      | Found a glowing silver altar of Zin.
  3752 | D:6      | Found a snail-covered altar of Cheibriados.
  3753 | D:6      | Found a radiant altar of Vehumet.
  3755 | D:6      | Found a stormy altar of Qazlal.
  3756 | D:6      | Found a shadowy altar of Dithmenos.
  3958 | D:6      | Found a shadowy altar of Dithmenos.
  4226 | D:7      | Found a flagged portal.
  4246 | Bailey   | Entered a bailey
  4343 | Bailey   | Noticed an orc knight
  4486 | Bailey   | Noticed an orc knight
  4487 | Bailey   | Noticed an orc knight
  4531 | Bailey   | Killed an orc knight
  4531 | Bailey   | Reached skill level 7 in Polearms
  4531 | Bailey   | Reached XP level 9. HP: 24/56 MP: 3/10
  4556 | Bailey   | HP: 1/56 [orc knight/+0 halberd (18)]
  4558 | Bailey   | Slain by an orc knight

Skill      XL: |  1  2  3  4  5  6  7  8 |
---------------+-------------------------+-----
Fighting       | 1 2 3 4 5 6 |  6.5
Polearms       | 1 2 5 7 |  7.6
Shields        | 1 2 3 4 |  4.0
Stealth        | 6 |  6.9
Maces & Flails | |  0.8
Dodging        | |  3.0

Action                   |  1- 3 |  4- 6 |  7- 9 || total
-------------------------+-------+-------+-------++-------
Melee: Whip              |    17 |       |       ||    17
       Bite              |     9 |    23 |    25 ||    57
       Dagger            |    67 |   130 |   121 ||   318
       Unarmed           |    13 |       |       ||    13
       Short sword       |       |     9 |       ||     9
       Lance             |       |       |    86 ||    86
Invok: Curse Item        |       |       |     4 ||     4
  Use: Scroll            |       |       |    16 ||    16
       Potion            |       |       |     4 ||     4
 Stab: Sleeping          |     8 |     2 |    15 ||    25
       Invisible         |       |       |     9 ||     9
  Eat: Chunk             |     1 |     3 |     4 ||     8
       Ration            |       |       |     1 ||     1
Armor: Robe              |    25 |    16 |    35 ||    76
Dodge: Dodged            |    42 |    61 |    66 ||   169
Block: Buckler           |     5 |    29 |    48 ||    82
